 Dungeon Sprint DCSS version 0.26-a0-812-g31a745ddcd (webtiles) character file.

Game seed: 2316944166166871133

137 tsouns the Skirmisher (level 5, -1/47 HPs)
             Began as a Formicid Abyssal Knight on Dec 4, 2020.
             Was an Elder of Lugonu.
             Slain by an ufetubus (4 damage)
             ... in the Dungeon (Sprint IX: "|||||||||||||||||||||||||||||").
             The game lasted 00:01:34 (330 turns).

tsouns the Skirmisher (Formicid Abyssal Knight)      Turns: 330, Time: 00:01:35

Health: -1/47      AC: 13    Str: 24    XL:     5   Next: 43%
Magic:  6/9        EV:  9    Int: 11    God:    Lugonu [****..]
Gold:   0          SH:  0    Dex: 10    Spells: 4/4 levels left

rFire    . . .     SeeInvis +   k - +2 scimitar (flame)
rCold    . . .     Faith    .   (no shield)
rNeg     . . .     Spirit   .   n - +1 chain mail
rPois    .         Reflect  .   (helmet unavailable)
rElec    .         Harm     .   m - +0 cloak
rCorr    .         Rampage  .   (no gloves)
MR       .....                  l - +0 pair of boots
Stlth    ..........             (no amulet)
HPRegen  0.15/turn              o - +3 ring of strength
MPRegen  0.11/turn              p - +3 ring of strength

@: no status effects
A: permanent stasis, dig shafts and tunnels, four strong arms, antennae 3
a: Dig, Bend Space, Banish, Corrupt, Renounce Religion


You were in the Dungeon.
You worshipped Lugonu.
Lugonu was greatly pleased with you.
You visited 1 branch

Inventory:

Hand Weapons
 a - a +1 falchion
 k - a +2 scimitar of flaming (weapon)
Missiles
 c - 5 boomerangs (quivered)
Armour
 b - a +0 leather armour
 l - a +0 pair of boots (worn)
 m - a +0 cloak (worn)
 n - a +1 chain mail (worn)
Jewellery
 o - a +3 ring of strength (left hand)
 p - a +3 ring of strength (right hand)
Wands
 j - a wand of acid (10)
Scrolls
 h - 3 scrolls of remove curse
 i - 2 scrolls of amnesia
Potions
 d - a potion of invisibility
 e - 4 potions of magic
 f - 2 potions of heal wounds
 g - 4 potions of curing


   Skills:
 + Level 6.5 Fighting
 + Level 4.6 Long Blades
 + Level 5.2 Armour
 + Level 3.6 Dodging
 + Level 5.4 Invocations


You had 4 spell levels left.
You didn't know any spells.
Your spell library was empty.

Dungeon Overview and Level Annotations

Branches:
Dungeon (1/1)

Altars:
Cheibriados
Dithmenos
Elyvilon
Fedhas
Gozag
Hepliaklqana
Kikubaaqudgha
Makhleb
Nemelex Xobeh
Okawaru
Qazlal
Ru
Sif Muna
Trog
Uskayaw
Vehumet
Wu Jian
Xom
Yredelemnul
Zin
The Shining One
Beogh
Jiyva
Lugonu


Innate Abilities, Weirdness & Mutations

You cannot be hasted, slowed, berserked, paralysed or teleported.
You can dig through walls and to a lower floor.
Your four strong arms can wield two-handed weapons with a shield.
You have a pair of large antennae on your head. (SInv)


Message History

You kill the white imp!
Lugonu accepts your kill.
The ufetubus hits you but does no damage.
The ufetubus barely misses you.
You barely miss the ufetubus. The ufetubus barely misses you.
The ufetubus hits you but does no damage.
You barely miss the ufetubus. The ufetubus closely misses you.
The ufetubus hits you.
* * * LOW HITPOINT WARNING * * *
The ufetubus hits you but does no damage. x2
You barely miss the ufetubus.
The ufetubus hits you but does no damage. x2
The ufetubus hits you.
* * * LOW HITPOINT WARNING * * *
The ufetubus misses you. The ufetubus closely misses you.
The ufetubus hits you but does no damage.
The ufetubus hits you but does no damage.
The ufetubus hits you.
You die...

▓_▓
{
▓_▓
{
▓_▓
{
▓'▓{
▓.▓
{
▓?▓
{
▓)▓
{
▓.▓
{
▓@▓
{ {
▓5▓
{
▓Y▓
{
▓.▓
{
▓5▓
▓Z▓
▓.▓
▓.▓
▓.▓


You could see an ice beast, a quasit, an ufetubus and a bat skeleton.

Vanquished Creatures
  An orc warrior (D)
  An orc wizard (D)
  2 white imps (D)
  2 leopard geckos (D)
  An orc (D)
  2 hobgoblins (D)
  A jackal (D)
  A kobold (D)
  A frilled lizard (D)
12 creatures vanquished.

Notes
Turn   | Place    | Note
-------+----------+-------------------------------------------
     0 | D        | tsouns the Formicid Abyssal Knight began the quest for the
                  | Orb.
     0 | D        | Reached XP level 1. HP: 18/18 MP: 2/2
     8 | D        | Reached ** piety under Lugonu
     8 | D        | Reached skill level 4 in Fighting
    12 | D        | Reached XP level 2. HP: 26/26 MP: 3/3
    39 | D        | Reached *** piety under Lugonu
    39 | D        | Reached skill level 1 in Dodging
    42 | D        | Reached skill level 5 in Fighting
    42 | D        | Reached XP level 3. HP: 9/33 MP: 3/5
   239 | D        | Found a roughly hewn altar of Beogh.
   239 | D        | Found a snail-covered altar of Cheibriados.
   239 | D        | Found a shadowy altar of Dithmenos.
   239 | D        | Found a white marble altar of Elyvilon.
   239 | D        | Found a blossoming altar of Fedhas.
   239 | D        | Found an opulent altar of Gozag.
   240 | D        | Found a hazy altar of Hepliaklqana.
   241 | D        | Found a viscous altar of Jiyva.
   242 | D        | Found an ancient bone altar of Kikubaaqudgha.
   243 | D        | Found a corrupted altar of Lugonu.
   244 | D        | Found a burning altar of Makhleb.
   245 | D        | Found a sparkling altar of Nemelex Xobeh.
   246 | D        | Found an iron altar of Okawaru.
   247 | D        | Found a stormy altar of Qazlal.
   248 | D        | Found a sacrificial altar of Ru.
   249 | D        | Found a shimmering blue altar of Sif Muna.
   250 | D        | Found a bloodstained altar of Trog.
   251 | D        | Found a hide-covered altar of Uskayaw.
   252 | D        | Found a radiant altar of Vehumet.
   253 | D        | Found an ornate altar of the Wu Jian Council.
   254 | D        | Found a shimmering altar of Xom.
   255 | D        | Found a basalt altar of Yredelemnul.
   256 | D        | Found a glowing silver altar of Zin.
   257 | D        | Found a glowing golden altar of the Shining One.
   308 | D        | Noticed an orc warrior
   308 | D        | Noticed an ice beast
   320 | D        | Killed an orc warrior
   320 | D        | Reached **** piety under Lugonu
   320 | D        | Reached skill level 6 in Fighting
   320 | D        | Reached skill level 5 in Armour
   320 | D        | Reached skill level 5 in Invocations
   320 | D        | Reached XP level 4. HP: 4/41 MP: 5/8
   320 | D        | Reached XP level 5. HP: 5/47 MP: 5/9
   326 | D        | HP: 2/47 [ufetubus (3)]
   330 | D        | Slain by an ufetubus

Illustrated notes

Levels and vault maps discovered:
D:        linesprint [early_d, line_temple, items_1, d_10, items_2, lair_1,
          lair_end, items_3, orc_1, orc_end, items_4, d_15, swamp_1, shoals_1,
          snake_1, spider_1, d_20, vaults_1, items_5, swamp_end, shoals_end,
          snake_end, spider_end, vaults_end, d_27, items_6, zot_1, zot_end,
          crypt_end, forest_end, elf_end, slime_end, tomb_end, abyss_end,
          pan_hell_end]

Skill      XL: |  1  2  3 |
---------------+----------+-----
Fighting       | 4 5 6 |  6.5
Armour         | 3 5 |  5.2
Dodging        | 2 3 |  3.6
Long Blades    | 3 4 |  4.6
Invocations    | 3 5 |  5.4

Action                   |  1- 3 |  4- 6 || total
-------------------------+-------+-------++-------
Melee: Falchion          |    41 |       ||    41
       Scimitar          |    12 |     6 ||    18
  Use: Potion            |     2 |       ||     2
Armor: Leather armour    |    11 |       ||    11
       Chain mail        |     2 |     9 ||    11
Dodge: Dodged            |    25 |     6 ||    31
       Rpst.: Falchion   |     5 |       ||     5
       Scimitar          |       |     1 ||     1

Table legend: (Time is in decaauts)
 A = Elapsed time spent in this place.
 B = Non-inter-level travel time spent in this place.
 C = Inter-level travel time spent in this place.
 D = Time resting spent in this place.
 E = Time spent auto-exploring this place.
 F = Levels seen in this place.
 G = Mean time per level.
                   A        B        C        D        E       F      G
               +--------+--------+--------+--------+--------+-----+--------+
         Total |    339 |    339 |      0 |    172 |      8 |   1 |  339.0 |
       Dungeon |    339 |    339 |      0 |    172 |      8 |   1 |  339.0 |
               +--------+--------+--------+--------+--------+-----+--------+

Top non-repeatable levels by time:
       D: 339 daAuts
